 Dungeon Crawl Stone Soup version 0.17-a0-1485-g22cb0ee (webtiles) character file.

6403 emikaela the Spear-Bearer (level 10, -5/72 HPs)
             Began as an Octopode Wanderer on July 5, 2015.
             Was a Follower of Fedhas.
             Shot with an arrow by a centaur (8 damage)
             ... on level 10 of the Dungeon.
             The game lasted 00:42:41 (13958 turns).

emikaela the Spear-Bearer (Octopode Wanderer)      Turns: 13958, Time: 00:42:41

Health: -5/72      AC:  1    Str: 22    XL:     10   Next: 98%
Magic:  11/11      EV: 16    Int: 12    God:    Fedhas [*.....]
Gold:   313        SH:  0    Dex: 20    Spells: 0 memorised, 11 levels left

rFire  . . .     SeeInvis +     a - +2 spear
rCold  + . .     Clarity  .     (no shield)
rNeg   . . .     SustAt   .     y - +0 hat
rPois  .         Gourm    .     (no amulet)
rElec  +         Spirit   .     x - ring of see invisible
rCorr  .         Warding  .     L - ring "Qikhluce" {Ice rElec Slay+3}
rMut   .         Stasis   .     p - ring of fire
MR     .....                    I - ring of the Turtle {rC+ EV-2 Str+7 Dex+4 Slay-4}
Stlth  ++++......               c - +2 ring of dexterity
                                (no ring)
                                (no ring)
                                (no ring)

@: very slightly contaminated, invisible, not resistant to hostile enchantments,
stealthy
A: almost no armour, amphibious, 8 rings, constrict 8, camouflage 1, gelatinous
body 1
a: Evolution, Renounce Religion


You were on level 10 of the Dungeon.
You worshipped Fedhas.
Fedhas was aware of your devotion.
You were very hungry.

You visited 1 branch of the dungeon, and saw 10 of its levels.

You collected 478 gold pieces.
You spent 165 gold pieces at shops.

Inventory:

Hand weapons
 a - a +2 spear (weapon)
 b - a +0 hunting sling
Missiles
 f - 4 needles of frenzy
 g - 436 stones
 i - 114 arrows
 m - 114 bolts
 q - 60 sling bullets
 r - 14 needles of slowing
 z - 16 sling bullets of frost
 C - 26 poisoned needles
 D - 13 exploding sling bullets
 K - 8 needles of sleeping
 O - 18 tomahawks (quivered)
Armour
 y - a +0 hat (worn)
Jewellery
 c - a +2 ring of dexterity (on tentacle)
 p - a ring of fire (on tentacle)
 x - a ring of see invisible (left tentacle)
 I - the ring of the Turtle (on tentacle) {rC+ EV-2 Str+7 Dex+4 Slay-4}
   (You found it on level 6 of the Dungeon)

   [ring of evasion]

   It affects your evasion (-2).
   It affects your strength (+7).
   It affects your dexterity (+4).
   It affects your accuracy and damage with ranged weapons and melee attacks
   (-4).
   It protects you from cold.
 L - the ring "Qikhluce" (right tentacle) {Ice rElec Slay+3}
   (You found it on level 5 of the Dungeon)

   [ring of ice]

   It enhances your ice magic, and weakens your fire magic.
   It affects your accuracy and damage with ranged weapons and melee attacks
   (+3).
   It makes you vulnerable to fire.
   It protects you from cold.
   It insulates you from electricity.
 Z - an uncursed ring of positive energy {unknown}
Magical devices
 H - a wand of fireball (9)
 S - a wand of cold (8)
 W - a wand of flame (36)
Scrolls
 j - 5 scrolls of teleportation
 k - a scroll of magic mapping
 w - 3 scrolls of fear
 A - a scroll of noise {unknown}
 B - 3 scrolls of recharging
 F - a scroll of amnesia
 G - 2 scrolls of fog {unknown}
 N - 3 scrolls of remove curse
 P - a scroll of acquirement {unknown}
 R - a scroll of enchant armour {unknown}
 X - 2 scrolls of enchant weapon {unknown}
Potions
 e - 7 potions of curing
 n - 2 potions of flight {unknown}
 o - a potion of resistance
 s - 4 potions of haste {unknown}
 v - 3 potions of brilliance
 J - 2 potions of heal wounds {unknown}
 M - a potion of might
 Q - a potion of magic
 T - a potion of cancellation {unknown}
 Y - a potion of cure mutation {unknown}
Books
 U - a book of Alchemy
 V - a book of Geomancy
Comestibles
 d - 8 bread rations
 l - a beef jerky
 u - 22 fruits
 E - 2 meat rations


   Skills:
 + Level 8.2 Fighting
 - Level 12.1 Polearms
 - Level 1.0 Throwing
 + Level 7.0 Dodging
 - Level 4.0 Stealth
   Level 1.0 Shields
 - Level 1.0 Spellcasting
   Level 2.0 Charms
 - Level 2.0 Invocations


You had 11 spell levels left.
You didn't know any spells.

Dungeon Overview and Level Annotations

Branches:
Dungeon (10/15)            Temple (0/1) D:5            Lair (0/8) D:10
    Orc: D:9-12

Altars:
Fedhas
Okawaru
Qazlal
Ru
Xom
Yredelemnul
Zin

Shops:
D:6 *


Innate Abilities, Weirdness & Mutations

You cannot wear most types of armour.
You are amphibious.
You can wear up to eight rings at the same time.
You can use your tentacles to constrict eight enemies at once.
Your skin changes colour to match your surroundings (Stealth).
Your rubbery body absorbs attacks (AC +1).


Message History

Attack whom?
Press: ? - help, Dir - move target cursor, f/p - centaur
Aim: a centaur, wielding a shortbow (lightly wounded)
You reach to attack!
You strike the helpless centaur from behind!
You hit the centaur.
The centaur is lightly wounded.
You flicker back into view.
The centaur shoots an arrow.
The arrow hits you!
* * * LOW HITPOINT WARNING * * *
Attack whom?
Press: ? - help, Dir - move target cursor, f/p - centaur
Aim: a centaur, wielding a shortbow (lightly wounded)
Okay, then.
Drink which item? (? for menu, Esc to quit)
You fade into invisibility!
The centaur shoots an arrow.
The arrow closely misses you.
The centaur shoots an arrow.
The arrow hits you!
You die...
Fedhas appreciates your contribution to the ecosystem.

#### #.) #######(#
#.....#c###
#######f###.....######
##...f.f.# #.(.@.......
##...####.###.#(#.######
....f.........#.#.#
##...##########)#..
##..........[......#
#..########.#....(#
###..# #.#...<....
...>.# # #.#......
##...# #.#...###


You could see a centaur.

Vanquished Creatures
  The ghost of Noname the Martial Artist, an experienced MfTm of Makhleb (D:8)
  A hippogriff (D:9)
  Edmund (D:5)
  Duvessa (D:5)
  A phantom (D:9)
  2 centaurs
  3 ogres
  2 sky beasts
  2 crocodiles (D:9)
  4 giant frogs
  A scorpion (D:6)
  8 killer bees
  5 wights (D:9)
  7 electric eels
  A giant frog zombie (D:6)
  2 jellies
  4 hounds
  4 centaur skeletons
  6 crimson imps
  3 orc priests
  Ijyb (D:4)
  A lava snake (D:10)
  2 orc wizards
  4 iguanas
  3 worker ants
  A sheep (D:10)
  A hound zombie (D:5)
  A gnoll (D:8)
  8 adders
  4 white imps (D:9)
  A worker ant simulacrum (D:9)
  4 oozes
  An ufetubus (D:9)
  A worm (D:4)
  10 giant geckos
  26 orcs
  A bat skeleton (D:4)
  4 giant cockroaches
  19 goblins
  12 hobgoblins
  17 jackals
  4 quokkas
  3 ball pythons
  18 bats
  A giant gecko skeleton (D:4)
  6 giant newts
  A jackal skeleton (D:4)
  13 kobolds
  A quokka skeleton (D:4)
  14 rats
242 creatures vanquished.

Vanquished Creatures (collateral kills)
  A death yak (D:9)
  A hill giant (D:10)
  Maurice (D:9)
  An elephant (D:10)
  A polar bear (D:9)
  Prince Ribbit (D:7)
  2 yaks
  A wyvern (D:8)
  A hippogriff (D:7)
  2 ice beasts
  An orc warrior (D:8)
  Dowan (D:5)
  A wyvern skeleton (D:8)
  A scorpion (D:5)
  3 killer bees (D:8)
  A quasit (D:8)
  A centaur zombie (D:9)
  A centaur skeleton (D:8)
  A sheep (D:10)
  3 gnolls (D:8)
  2 white imps (D:9)
  2 kobolds
  A toadstool (D:10)
31 creatures vanquished.

Vanquished Creatures (others)
  15 wandering mushrooms
  A shadow imp (D:8)
  A hobgoblin (D:8)
  114 toadstools
131 creatures vanquished.

Grand Total: 404 creatures vanquished

Notes
Turn   | Place    | Note
--------------------------------------------------------------
     0 | D:1      | emikaela the Octopode Wanderer began the quest for the Orb.
     0 | D:1      | emikaela set off with: a +2 spear, a scroll of teleportation, a potion of lignification, a bread ration
     0 | D:1      | Reached XP level 1. HP: 13/13 MP: 2/2
   134 | D:1      | Reached skill level 1 in Stealth
   140 | D:1      | Reached XP level 2. HP: 11/18 MP: 3/3
   505 | D:1      | Reached XP level 3. HP: 23/23 MP: 4/4
   897 | D:2      | Reached skill level 5 in Polearms
  1061 | D:2      | Found a stormy altar of Qazlal.
  1087 | D:2      | Found a blossoming altar of Fedhas.
  1097 | D:2      | Became a worshipper of Fedhas Madash
  1247 | D:2      | Found a faded altar to an unknown god.
  1353 | D:3      | Reached XP level 4. HP: 28/28 MP: 5/5
  1706 | D:3      | Reached XP level 5. HP: 27/33 MP: 6/6
  1928 | D:3      | Reached skill level 1 in Dodging
  2555 | D:4      | Reached skill level 6 in Polearms
  2799 | D:4      | Found a basalt altar of Yredelemnul.
  2846 | D:4      | Reached XP level 6. HP: 35/39 MP: 7/7
  2903 | D:4      | Noticed an ogre
  2910 | D:4      | Killed an ogre
  3812 | D:4      | Noticed Ijyb
  3830 | D:4      | Killed Ijyb
  3954 | D:4      | Reached XP level 7. HP: 45/45 MP: 8/8
  4464 | D:5      | Entered Level 5 of the Dungeon
  4589 | D:5      | Got a scorched steel ring
  4590 | D:5      | Identified the ring "Qikhluce" {Ice rElec Slay+3} (You found it on level 5 of the Dungeon)
  4714 | D:5      | Noticed Edmund
  4761 | D:5      | Killed Edmund
  4761 | D:5      | Reached skill level 7 in Polearms
  4781 | D:5      | Acquired Fedhas's first power
  4922 | D:5      | Found a shimmering altar of Xom.
  4949 | D:5      | Noticed Dowan
  4957 | D:5      | Noticed Duvessa
  4966 | D:5      | Killed Duvessa
  4966 | D:5      | Reached skill level 1 in Invocations
  4971 | D:5      | Killed Dowan
  5216 | D:5      | Reached XP level 8. HP: 54/54 MP: 9/9
  5338 | D:5      | Found a staircase to the Ecumenical Temple.
  5470 | D:6      | Got a faintly glowing granite ring
  5471 | D:6      | Identified the cursed ring of the Turtle {rC+ EV-2 Str+7 Dex+4 Slay-4} (You found it on level 6 of the Dungeon)
  5829 | D:6      | Reached skill level 8 in Polearms
  6024 | D:6      | Found Sounyziu's Assorted Antiques.
  6050 | D:6      | Bought a fizzy grey potion for 25 gold pieces
  6050 | D:6      | Bought a scroll of identify for 56 gold pieces
  6050 | D:6      | Bought a scroll of identify for 56 gold pieces
  6050 | D:6      | Bought a scroll labeled GASOTI ILEFROO for 28 gold pieces
  6918 | D:6      | Reached skill level 5 in Fighting
  7147 | D:7      | Noticed Prince Ribbit
  7153 | D:7      | Reached skill level 9 in Polearms
  7155 | D:7      | Killed Prince Ribbit
  7155 | D:7      | Reached XP level 9. HP: 59/61 MP: 10/10
  8024 | D:7      | Acquired Fedhas's second power
  8054 | D:7      | Found a glowing silver altar of Zin.
  8056 | D:7      | Found a sacrificial altar of Ru.
  8060 | D:7      | Found an iron altar of Okawaru.
  8364 | D:8      | Reached skill level 10 in Polearms
  8870 | D:8      | Noticed Noname's ghost (experienced MfTm)
 10038 | D:8      | Killed Noname's ghost
 10038 | D:8      | Reached skill level 11 in Polearms
 10400 | D:8      | Noticed a wandering mushroom
 10410 | D:8      | Noticed a wandering mushroom
 10411 | D:8      | Found a blossoming altar of Fedhas.
 10411 | D:8      | Noticed a wandering mushroom
 10411 | D:8      | Noticed a wandering mushroom
 10932 | D:9      | Noticed a death yak
 11088 | D:9      | Reached XP level 10. HP: 54/68 MP: 8/11
 11227 | D:9      | Noticed Maurice
 11281 | D:9      | Killed Maurice
 11281 | D:9      | Reached skill level 12 in Polearms
 11326 | D:9      | Killed a death yak
 12173 | D:9      | Reached skill level 5 in Dodging
 12829 | D:10     | Entered Level 10 of the Dungeon
 12948 | D:10     | Found a staircase to the Lair.
 12948 | D:10     | Noticed an elephant
 13133 | D:10     | Noticed a hill giant
 13168 | D:10     | Killed a hill giant
 13170 | D:10     | Killed an elephant
 13957 | D:10     | HP: 3/72 [centaur/arrow (9)]
 13958 | D:10     | Shot with an arrow by a centaur

Vault maps used:
D:1:      dpeg_arrival_radiant, minmay_misc_feat_ornament, feat_on_display
D:2:      grunt_temple_overflow_forces_of_nature, ecumenical_altar_1
D:4:      kennysheep_goblin_castle, kennysheep_mini
D:5:      old_standard_altar, temple_hall, first_bread, uniq_edmund,
          uniq_duvessa
D:6:      serial_shops, nicolae_shop_stone, serial_co_window_serial,
          co_window_corner_a, co_window_corner_a, co_window_paths_b,
          co_window_cross_1, co_window_paths_b, co_window_unsneaky_path_d,
          co_window_paths_c, co_window_corner_cb, co_window_of_opportunity_b,
          co_window_unsneaky_path_c, co_window_unsneaky_path_c,
          co_window_paths_e, co_window_4corner_b, st_stairs_2
D:7:      minitemple, serial_bayou, serial_bayou_lagoon_a,
          serial_bayou_lagoon_b, serial_bayou_crossing, serial_bayou_shore_a,
          uniq_prince_ribbit1
D:8:      hangedman_tree_tricks
D:9:      serial_ice, serial_ice_h, serial_ice_i, serial_ice_m, serial_ice_e,
          serial_ice_o, serial_ice_g, serial_ice_d, uniq_maurice
D:10:     david_lair_generic, orc_0_dummy, nrook_mini_vaults,
          minmay_misc_feat_pillars, kennysheep_decorative_pillar

Action                   |  1- 3 |  4- 6 |  7- 9 | 10-12 || total
-------------------------+-------+-------+-------+-------++-------
Melee: Spear             |    90 |   187 |   468 |   215 ||   960
 Fire: Hunting sling     |       |       |     2 |       ||     2
Throw: Tomahawk          |       |       |     1 |       ||     1
Invok: Evolution         |       |       |    11 |     5 ||    16
  Use: Potion            |       |     1 |     7 |     2 ||    10
       Scroll            |       |       |    12 |     1 ||    13
 Stab: Sleeping          |    14 |    10 |    22 |    11 ||    57
       Distracted        |     1 |       |     1 |       ||     2
       Confused          |       |       |       |     1 ||     1
       Invisible         |       |       |       |     1 ||     1
  Eat: Chunk             |     1 |     9 |    18 |       ||    28
       Pizza             |       |       |     2 |       ||     2
       Royal jelly       |       |       |       |     2 ||     2
       Meat ration       |       |       |       |     1 ||     1
